 Dungeon Crawl Stone Soup version 0.30.1-4-g462c640d31 (webtiles) character file.

Game seed: 1897062328460603799

149 Bobit the Grasshopper (level 5, -1/43 HPs)
             Began as a Gnoll Warper on Aug 15, 2023.
             Was an Initiate of Yredelemnul.
             Succumbed to an orc's poison
             ... on level 3 of the Dungeon.
             The game lasted 00:07:43 (2835 turns).

Bobit the Grasshopper (Gnoll Warper)                Turns: 2835, Time: 00:07:44

Health: -1/43      AC:  5    Str: 10    XL:     5   Next: 31%
Magic:  12/12      EV: 12    Int: 12    God:    Yredelemnul [......]
Gold:   137        SH:  0    Dex: 14    Spells: 5/14 levels left

rFire   . . .        a - +0 falchion
rCold   . . .        (no shield)
rNeg    . . .        l - +0 ring mail
rPois   .            (no helmet)
rElec   .            (no cloak)
rCorr   .            (no gloves)
SInv    .            (no boots)
Will    +....        (no amulet)
Stlth   +            (no ring)
HPRegen 0.27/turn    (no ring)
MPRegen 0.13/turn

%: no passive effects
@: lethally poisoned (-1 -> -23)
A: fangs 1, strong nose, distributed training, strong-willed 1
a: Renounce Religion, Recall Undead Harvest


You were on level 3 of the Dungeon.
You worshipped Yredelemnul.
Yredelemnul was noncommittal.
You visited 1 branch of the dungeon, and saw 3 of its levels.

You collected 137 gold pieces.

Inventory:

Hand Weapons
 a - a +0 falchion (weapon)
Missiles
 d - 7 boomerangs of dispersal (quivered)
Armour
 b - a +0 leather armour
 l - a +0 ring mail (worn)
Jewellery
 v - an amulet of magic regeneration
Wands
 u - a wand of flame (25)
Scrolls
 c - a scroll of blinking
 e - 2 scrolls of enchant weapon {unknown}
 g - 2 scrolls of teleportation {unknown}
 k - a scroll of vulnerability {unknown}
 m - 3 scrolls of magic mapping {unknown}
 o - a scroll of amnesia {unknown}
 p - a scroll of poison {unknown}
 t - a scroll of enchant armour {unknown}
 w - a scroll of identify {unknown}
Potions
 f - a potion of mutation
 h - a potion of lignification {unknown}
 i - 2 potions of invisibility {unknown}
 j - a potion of berserk rage {unknown}
 n - 2 potions of might {unknown}
 q - a potion of heal wounds {unknown}
 r - a potion of flight {unknown}
 s - a potion of attraction {unknown}


   Skills:
 + Level 4.8 Fighting
 + Level 1.5 Short Blades
 + Level 4.8 Long Blades
 + Level 1.5 Axes
 + Level 1.5 Maces & Flails
 + Level 1.5 Polearms
 + Level 1.5 Staves
 + Level 1.5 Ranged Weapons
 + Level 3.0 Throwing
 + Level 3.0 Armour
 + Level 4.8 Dodging
 + Level 1.5 Stealth
 + Level 1.5 Shields
 + Level 1.5 Unarmed Combat
 + Level 5.2 Spellcasting
 + Level 1.2 Conjurations
 + Level 1.2 Hexes
 + Level 1.2 Summonings
 + Level 1.2 Necromancy
 + Level 5.5 Translocations
 + Level 1.2 Transmutations
 + Level 1.2 Fire Magic
 + Level 1.2 Ice Magic
 + Level 1.2 Air Magic
 + Level 1.2 Earth Magic
 + Level 1.2 Poison Magic
 + Level 1.7 Invocations
 + Level 1.5 Evocations


You had 5 spell levels left.
You knew the following spells:

 Your Spells              Type           Power      Damage    Failure   Level
a - Blink                 Tloc           32%        N/A       8%          2
b - Teleport Other        Tloc           16%        N/A       14%         3
c - Manifold Assault      Tloc           16%        N/A       43%         4

Your spell library contained the following spells:

 Spells                   Type           Power      Damage    Failure   Level
 Lesser Beckoning         Tloc           32%        N/A       8%          2
 Vhi's Electric Charge    Tloc/Air       22%        N/A       34%         3


Dungeon Overview and Level Annotations

Branches:
Dungeon (3/15)

Altars:
Ashenzari
Ru
Yredelemnul

Shops:
D:3 =

Portals:
Abyss: D:1***


Innate Abilities, Weirdness & Mutations

You have very sharp teeth.
Your uncanny sense of smell can sniff out nearby items.
Your experience applies equally to all skills.
You are strong-willed. (Will+)


Message History

There is an open door here.
The orc misses you.
You hit the orc but do no damage.
The orc hits you with a +1 flail of venom!
You hit the orc but do no damage. The orc misses you.
You hit the orc. Your punch misses the orc.
The orc is severely wounded.
The orc hits you with a +1 flail of venom.
You are poisoned.
You hit the orc but do no damage.
The orc is severely wounded.
You feel very sick. The orc misses you.
You hit the orc.
The orc is almost dead.
You feel very sick.
The orc hits you with a +1 flail of venom!
You are lethally poisoned!
You are too injured to fight recklessly!
You are too injured to fight recklessly!
You are too injured to fight recklessly!
You are too injured to fight recklessly!
You are too injured to fight recklessly!
There is a lethal amount of poison in your body!
You are too injured to fight recklessly!
You hit the orc but do no damage.
The orc is almost dead.
You feel very sick.
The orc hits you with a +1 flail of venom.
* * * LOW HITPOINT WARNING * * *
You are more poisoned.
You swap places.
* * * LOW HITPOINT WARNING * * *
You feel extremely sick.
The orc hits your adder zombie with a +1 flail of venom.
Your adder zombie closely misses the orc.
It was a potion of mutation.
You feel extremely strange.
You feel strong-willed.
You die...
Your body rises from the dead as a mindless zombie.

############ #..........#
# #..........#
....######..........#####
......oZ@Z...............
....######..........###.#
. #..............#
#########+#....#
#.......... #.......#..
#####)......#.♣
#...........#.#
#'##........#..


You could see an orc (ally target), a friendly adder zombie and a friendly orc
zombie.

Vanquished Creatures
  An orc wizard (D:3)
  4 adders
  4 worms
  The ghost of croobank the Sneak, a weakling OpDe (D:3)
  2 dart slugs
  4 orcs
  12 bats
  3 giant cockroaches (D:1)
  5 goblins
  7 hobgoblins
  2 jackals (D:2)
  7 kobolds
  3 quokkas
  3 ball pythons
  2 ball python zombies (D:3)
  4 frilled lizards
  4 rats
68 creatures vanquished.

Notes
Turn   | Place    | Note
-------+----------+-------------------------------------------
     0 | D:1      | Bobit the Gnoll Warper began the quest for the Orb.
     0 | D:1      | Reached XP level 1. HP: 20/20 MP: 6/6
    75 | D:1      | Reached XP level 2. HP: 26/26 MP: 7/7
   432 | D:1      | Found a faded altar of an unknown god.
   480 | D:1      | Reached skill level 5 in Spellcasting
   480 | D:1      | Reached XP level 3. HP: 31/31 MP: 7/9
   880 | D:2      | Learned a level 2 spell: Blink
   927 | D:2      | Reached skill level 1 in Invocations
  1118 | D:2      | Reached skill level 1 in Short Blades
  1118 | D:2      | Reached skill level 1 in Axes
  1118 | D:2      | Reached skill level 1 in Maces & Flails
  1118 | D:2      | Reached skill level 1 in Polearms
  1118 | D:2      | Reached skill level 1 in Staves
  1118 | D:2      | Reached skill level 1 in Ranged Weapons
  1118 | D:2      | Reached skill level 1 in Stealth
  1118 | D:2      | Reached skill level 1 in Shields
  1118 | D:2      | Reached skill level 1 in Unarmed Combat
  1118 | D:2      | Reached skill level 1 in Evocations
  1531 | D:2      | Reached XP level 4. HP: 38/38 MP: 11/11
  1635 | D:2      | Learned a level 3 spell: Teleport Other
  1640 | D:2      | Learned a level 4 spell: Manifold Assault
  1932 | D:2      | Found a sacrificial altar of Ru.
  2086 | D:3      | Reached skill level 1 in Conjurations
  2086 | D:3      | Reached skill level 1 in Hexes
  2086 | D:3      | Reached skill level 1 in Summonings
  2086 | D:3      | Reached skill level 1 in Necromancy
  2086 | D:3      | Reached skill level 1 in Transmutations
  2086 | D:3      | Reached skill level 1 in Fire Magic
  2086 | D:3      | Reached skill level 1 in Ice Magic
  2086 | D:3      | Reached skill level 1 in Air Magic
  2086 | D:3      | Reached skill level 1 in Earth Magic
  2086 | D:3      | Reached skill level 1 in Poison Magic
  2106 | D:3      | Found a broken altar of Ashenzari.
  2606 | D:3      | Reached XP level 5. HP: 29/43 MP: 12/12
  2664 | D:3      | Found a runed translucent gate.
  2664 | D:3      | Found a runed translucent gate.
  2664 | D:3      | Found a runed translucent gate.
  2664 | D:3      | Noticed croobank's ghost (weakling OpDe)
  2666 | D:3      | Found a basalt altar of Yredelemnul.
  2679 | D:3      | Became a worshipper of Yredelemnul the Dark
  2688 | D:3      | Killed croobank's ghost
  2802 | D:3      | Found Yteringo's Jewellery Shop.
  2835 | D:3      | Gained mutation: You are strong-willed. (Will+) [potion of
                  | mutation]
  2835 | D:3      | Succumbed to an orc's poison

Illustrated notes

Levels and vault maps discovered:
D:1:      minmay_arrival_glassed_features, layout_basic, serial_bayou,
          serial_bayou_crossing, serial_bayou_ford_a, serial_bayou_pond_b,
          serial_bayou_pond_c, dilly_ecumenical_altar_fadedgnrine
D:2:      layout_basic, basic_altar, chequers_serial_rivers_micro_b
D:3:      layout_basic, grunt_temple_overflow_gold_and_silver,
          marbit_many_paths, nicolae_ashenzari_skybound,
          nicolae_qazlal_style_of_elements, nicolae_yredelemnul_ghost_church,
          serial_shops, nicolae_shop_pleasant_corner_grove, minivault_27,
          minmay_misc_feat_room, hex_tiny

Skill      XL: |  1  2  3  4  5 |
---------------+----------------+-----
Spellcasting   | 5 |  5.2
Invocations    | 1 |  1.7
Short Blades   | 1 |  1.5
Axes           | 1 |  1.5
Maces & Flails | 1 |  1.5
Polearms       | 1 |  1.5
Staves         | 1 |  1.5
Ranged Weapons | 1 |  1.5
Stealth        | 1 |  1.5
Shields        | 1 |  1.5
Unarmed Combat | 1 |  1.5
Evocations     | 1 |  1.5
Conjurations   | 1 |  1.2
Hexes          | 1 |  1.2
Summonings     | 1 |  1.2
Necromancy     | 1 |  1.2
Transmutations | 1 |  1.2
Fire Magic     | 1 |  1.2
Ice Magic      | 1 |  1.2
Air Magic      | 1 |  1.2
Earth Magic    | 1 |  1.2
Poison Magic   | 1 |  1.2
Throwing       | 3 |  3.0
Armour         | 3 |  3.0
Fighting       | |  4.8
Long Blades    | |  4.8
Dodging        | |  4.8
Translocations | |  5.5

Action                     |  1- 3 |  4- 6 || total
---------------------------+-------+-------++-------
  Melee: Falchion          |   122 |   109 ||   231
         Bite              |    11 |     9 ||    20
         Punch             |     1 |     1 ||     2
   Cast: Blink             |     1 |     1 ||     2
    Use: Potion            |       |     1 ||     1
   Stab: Sleeping          |       |     1 ||     1
 Armour: Leather armour    |    22 |       ||    22
         Ring mail         |    15 |    51 ||    66
  Dodge: Dodged            |    82 |    83 ||   165
